 Dungeon Crawl Stone Soup version 0.20-a0-463-g5747544 (webtiles) character file.

135 esc the Grave Robber (level 5, -1/45 HPs)
             Began as a Hill Orc Necromancer on Jan 10, 2017.
             Was an Initiate of Beogh.
             Slain by a bullfrog (3 damage)
             ... on level 3 of the Dungeon on Jan 11, 2017.
             The game lasted 00:12:46 (4069 turns).

esc the Grave Robber (Hill Orc Necromancer)         Turns: 4069, Time: 00:12:47

Health: -1/45      AC:  3    Str: 17    XL:     5   Next: 18%
Magic:  0/7        EV: 13    Int: 20    God:    Beogh [......]
Gold:   123        SH:  0    Dex: 11    Spells: 2/7 levels left

rFire  . . .     SeeInvis .     d - +0 short sword
rCold  . . .     Gourm    .     a - +0 robe
rNeg   . . .     Faith    .     (no shield)
rPois  .         Spirit   .     (no helmet)
rElec  .         Reflect  .     (no cloak)
rCorr  .         Harm     .     (no gloves)
MR     .....                    g - +0 pair of boots
Stlth  ++........               (no amulet)
                                (no ring)
                                (no ring)

@: mighty, brilliant, very slightly contaminated
A: no striking features
a: Renounce Religion


You were on level 3 of the Dungeon.
You worshipped Beogh.
Beogh was noncommittal.
You were not hungry.

You visited 1 branch of the dungeon, and saw 4 of its levels.

You collected 123 gold pieces.

Inventory:

Hand Weapons
 d - a +0 short sword (weapon)
   (You took it off a kobold on level 1 of the Dungeon)
Missiles
 h - 21 poisoned needles
 i - 188 stones (quivered)
Armour
 a - a +0 robe (worn)
 g - a +0 pair of boots (worn)
   (You found it on level 1 of the Dungeon)
Scrolls
 e - 2 scrolls of enchant armour {unknown}
 f - 6 scrolls of identify {unknown}
 j - a scroll of fog {unknown}
 l - 2 scrolls of remove curse
 o - a scroll of random uselessness {unknown}
 q - a scroll of recharging {unknown}
 t - a scroll of noise {unknown}
Potions
 k - 2 potions of might
 n - a potion of mutation {unknown}
 p - a potion of heal wounds {unknown}
 s - 2 potions of brilliance
Books
 b - a book of Necromancy
Comestibles
 c - 6 bread rations {@e1}
 m - 2 meat rations {@e2}
 r - 2 chunks of flesh {@w0}
 u - 2 fruits


   Skills:
 + Level 3.6 Fighting
 + Level 3.3 Dodging
 - Level 1.5 Stealth
 - Level 1.5 Spellcasting
 - Level 4.0 Necromancy


You had 2 spell levels left.
You knew the following spells:

 Your Spells              Type           Power        Failure   Level  Hunger
a - Pain                  Necr           ####         1%          1    #......
s - Animate Skeleton      Necr           N/A          1%          1    #......
x - Vampiric Draining     Necr           ####......   1%          3    ###....


Dungeon Overview and Level Annotations

Branches:
Dungeon (4/15)
 Temple: D:4-7

Altars:
Sif Muna

Shops:
D:4 }

Annotations:
D:3 Terence


Message History

Beogh accepts your kill.
The adder hisses angrily.
Aim: an adder (chance to defeat MR: 77%)
The adder writhes in agony!
You take 1 damage, and have 42/45 hp.
You now have 6/7 mp.
Aim: an adder (moderately wounded, chance to defeat MR: 77%)
The adder writhes in agony!
The adder completely misses you.
You take 1 damage, and have 41/45 hp.
You now have 5/7 mp.
There is a stone staircase leading down here.
You see here a giant cockroach corpse.
There is nothing here that can be animated!
Aim: an adder (moderately wounded, chance to defeat MR: 77%)
The adder writhes in agony!
The adder bites you.
You are poisoned.
The adder poisons you!
You take 2 damage, and have 40/45 hp.
You now have 4/7 mp.
Aim: an adder (severely wounded, chance to defeat MR: 77%)
The adder writhes in agony!
You kill the adder!
Beogh accepts your kill.
You feel sick.
You take 2 damage, and have 38/45 hp.
You now have 3/7 mp.
There is a stone staircase leading down here.
You see here an adder corpse.
You butcher the adder corpse.
r - 5 chunks of flesh {@w0} (gained 1)
There is a stone staircase leading down here.
You see here an adder skeleton.
You feel sick.
You take 1 damage, and have 37/45 hp.
You see here a giant cockroach corpse.
You butcher the giant cockroach corpse.
r - 6 chunks of flesh {@w0} (gained 1)
You feel sick.
There is a stone staircase leading down here.
You see here an adder skeleton.
You take 1 damage, and have 37/45 hp.
You start resting.
Eating one of 6 chunks of flesh {@w0}.
You eat one of the 6 chunks of flesh {@w0}.
You feel sick.
You are no longer poisoned.
You start resting.
Some of the chunks of flesh in your inventory have rotted away.
Health restored: 45; MP restored: 7 You see here a leather armour.
A bullfrog comes into view.
A bullfrog is nearby!
The bullfrog croaks.
Okay, then.
Unknown command.
You hit the bullfrog. The bullfrog hits you!
You take 8 damage, and have 37/45 hp.
Aim: a bullfrog (moderately wounded, chance to defeat MR: 70%)
The bullfrog writhes in agony!
The bullfrog hits you but does no damage.
The bullfrog hits you!
You take 9 damage, and have 28/45 hp.
You now have 6/7 mp.
Aim: a bullfrog (moderately wounded, chance to defeat MR: 70%)
The bullfrog writhes in agony!
The bullfrog closely misses you.
You now have 5/7 mp.
Aim: a bullfrog (heavily wounded, chance to defeat MR: 70%)
You miscast Pain.
You are very lightly contaminated with residual magic.
You hear strange and distant voices.
The bullfrog misses you.
The bullfrog hits you but does no damage.
You now have 4/7 mp.
Aim: a bullfrog (heavily wounded, chance to defeat MR: 70%)
The bullfrog writhes in agony!
The bullfrog hits you!
You take 8 damage, and have 20/45 hp.
You now have 3/7 mp.
Aim: a bullfrog (severely wounded, chance to defeat MR: 70%)
The bullfrog struggles to resist.
The bullfrog hits you.
* * * LOW HITPOINT WARNING * * *
The bullfrog hits you but does no damage.
You take 7 damage, and have 13/45 hp.
You now have 2/7 mp.
Aim: a bullfrog (severely wounded, chance to defeat MR: 70%)
The bullfrog struggles to resist.
The bullfrog barely misses you.
You take 1 damage, and have 12/45 hp.
You now have 1/7 mp.
Aim: a bullfrog (severely wounded, chance to defeat MR: 70%)
The bullfrog writhes in agony!
The bullfrog hits you!
* * * LOW HITPOINT WARNING * * *
The bullfrog closely misses you.
You take 10 damage, and have 2/45 hp.
MASSIVE DAMAGE!!
You now have 0/7 mp.
Okay, then.
It was a potion of brilliance.
You feel clever all of a sudden. The bullfrog closely misses you.
It was a potion of might.
You feel very mighty all of a sudden. The bullfrog barely misses you.
The bullfrog hits you but does no damage.
You barely miss the bullfrog. The bullfrog barely misses you.
You closely miss the bullfrog.
The bullfrog hits you but does no damage.
The bullfrog closely misses you.
Aim: a bullfrog (severely wounded, chance to defeat MR: 84%)
The bullfrog writhes in agony!
The bullfrog hits you.
You die...

.# #...# .# ###.#.###
.########...#...##########
#.........#####..........#
.#####.##...#.....######.#
............#.##..# #.#
.S.....####...##..# #.#
######.# ######..# #.# #.#
#@.# #.# ... #F.# #.######
#.#. #..# #......# # .....
#..# ########.## # #.# ##
#... ..........# # # ...##
########..# #.# ## ...#
#..# #.#... #..# #..#
#.#.### #####..##


You could see a bullfrog.

Vanquished Creatures
  A hound (D:4)
  4 adders
  A dart slug (D:1)
  3 leopard geckos
  3 orcs (D:4)
  5 giant cockroaches
  12 goblins
  7 hobgoblins
  3 quokkas
  5 bats
  A frilled lizard (D:3)
  8 kobolds
  12 rats
65 creatures vanquished.

Vanquished Creatures (others)
  5 orcs (D:4)
5 creatures vanquished.

Grand Total: 70 creatures vanquished

Notes
Turn   | Place    | Note
-------+----------+-------------------------------------------
     0 | D:1      | esc the Hill Orc Necromancer began the quest for the Orb.
     0 | D:1      | Reached XP level 1. HP: 14/14 MP: 3/3
   493 | D:1      | Reached skill level 1 in Fighting
   605 | D:1      | Reached XP level 2. HP: 18/23 MP: 4/4
  1004 | D:1      | Reached skill level 2 in Dodging
  1455 | D:1      | Reached XP level 3. HP: 28/28 MP: 5/5
  1585 | D:1      | Reached skill level 2 in Fighting
  2376 | D:1      | Reached XP level 4. HP: 21/37 MP: 2/6
  3237 | D:3      | Reached skill level 3 in Fighting
  3237 | D:3      | Reached skill level 3 in Dodging
  3543 | D:3      | Noticed Terence
  3651 | D:4      | Reached XP level 5. HP: 29/45 MP: 7/7
  3668 | D:4      | Became a worshipper of Beogh the Brigand
  3672 | D:4      | Found a deep blue altar of Sif Muna.
  3798 | D:4      | Noticed an ogre
  3804 | D:4      | Learned a level 1 spell: Animate Skeleton
  3808 | D:4      | Learned a level 3 spell: Vampiric Draining
  3884 | D:4      | Found Jocs's Gadget Shoppe.
  4064 | D:3      | HP: 2/45 [bullfrog (9)]
  4069 | D:3      | Slain by a bullfrog

Vault maps used:
D:1:      onia_arrival_larder
D:3:      first_bread, minmay_distorted, uniq_terence
D:4:      led_sif_pool, serial_shops, shop, uniq_menkaure

Skill      XL: |  1  2  3  4 |
---------------+-------------+-----
Fighting       | 1 2 3 |  3.6
Dodging        | 2 3 |  3.3
Stealth        | |  1.5
Spellcasting   | |  1.5
Necromancy     | |  4.0

Action                   |  1- 3 |  4- 6 || total
-------------------------+-------+-------++-------
Melee: Unarmed           |    32 |       ||    32
       Short sword       |   166 |    93 ||   259
 Cast: Pain              |     2 |    30 ||    32
       Animate Skeleton  |       |     2 ||     2
Invok: Convert to Beogh  |       |     1 ||     1
  Use: Scroll            |       |     1 ||     1
       Potion            |       |     2 ||     2
 Stab: Sleeping          |     4 |     1 ||     5
  Eat: Chunk             |     5 |     6 ||    11
Armor: Robe              |    53 |    26 ||    79
Dodge: Dodged            |   127 |   100 ||   227

Vault maps used:
D:1:      onia_arrival_larder
D:3:      first_bread, minmay_distorted, uniq_terence
D:4:      led_sif_pool, serial_shops, shop, uniq_menkaure

Table legend:
 A = Turns spent in this place as a percentage of turns spent in the entire game.
 B = Non-inter-level travel turns spent in this place as a percentage of non-inter-level travel turns spent in the entire game.
 C = Inter-level travel turns spent in this place as a percentage of turns spent in this place.
 D = Turns resting spent in this place as a percentage of non-inter-level travel turns spent in this place.
 E = Turns spent auto-exploring this place as a percentage of non-inter-level travel turns spent in this place.
 F = Non-inter-level travel turns spent in this place divided by the number of levels of this place that you've seen.
                   A       B       C       D       E      F
               +-------+-------+-------+-------+-------+----------------------
         Total | 100.0 | 100.0 |   0.4 |   4.1 |   5.5 | 285.8
       Dungeon | 100.0 | 100.0 |   0.4 |   4.1 |   5.5 | 285.8
               +-------+-------+-------+-------+-------+----------------------

Table legend:
 A = Kills in this place as a percentage of kills in entire the game.
 B = Kills by you in this place as a percentage of kills by you in the entire game.
 C = Kills by friends in this place as a percentage of kills by friends in the entire game.
 D = Other kills in this place as a percentage of other kills in the entire game.
 E = Experience gained in this place as a percentage of experience gained in the entire game.
 F = Experience gained in this place divided by the number of levels of this place that you have seen.
                   A       B       C       D       E      F
               +-------+-------+-------+-------+-------+----------------------
         Total | 100.0 | 100.0 |  -nan |  -nan | 100.0 |  48.2
       Dungeon | 100.0 | 100.0 |  -nan |  -nan | 100.0 |  48.2
               +-------+-------+-------+-------+-------+----------------------
